Map: Cosmic Sapphire

Players

Nina

  • Race: Protoss Protoss
  • League: Master
  • Spawn Location: 11:00

SKillous - Winner!

  • Race: Protoss Protoss
  • League: Grandmaster
  • Spawn Location: 5:00

Event: HomeStory Cup XXII

VOD

Have the link to the VOD?

Description

Time

  • Played on: Dec. 16, 2022, 11:22 a.m.
  • Length: 9:27

All games in this series

Show
View Real Time Build Order
Export as new Build Order

Nina Protoss 

Build Orders: Blink Stalkers 

Get SALT Encoding   

  12  0:01  Probe  
  13  0:13  Probe  
  14  0:17  Pylon  
  14  0:25  Probe (Chrono Boost)  
  15  0:37  Probe (Chrono Boost), Gateway  
  16  0:45  Probe (Chrono Boost)  
  16  0:48  Assimilator  
  17  0:51  Probe  
  17  0:55  Assimilator  
  18  1:03  Probe (Chrono Boost)  
  19  1:12  Probe (Chrono Boost)  
  19  1:16  Gateway  
  19  1:18  Probe (Chrono Boost)  
  20  1:25  Cybernetics Core  
  21  1:30  Probe  
  22  1:36  Pylon  
  22  1:45  Probe  
  23  1:57  Probe  
  24  2:03  Stalker  
  24  2:04  Stalker  
  24  2:05  Warp Gate  
  28  2:15  Pylon  
  29  2:22  Pylon  
  28  2:24  Twilight Council  
  28  2:33  Stalker  
  30  2:39  Stalker  
  32  2:58  Gateway, Blink (Chrono Boost)  
  32  3:07  Shield Battery  
  32  3:10  Probe  
  33  3:18  Pylon  
  35  3:27  Probe  
  34  3:43  Pylon  
  34  3:53  Shield Battery, Stalker x3  
  40  3:57  Pylon  
  40  4:07  Pylon  
  40  4:09  Shield Battery  
  40  4:19  Stalker  
  42  4:24  Stalker  
  42  4:31  Stalker  
  46  4:42  Gateway  
  46  4:47  Stalker  
  48  4:55  Sentry  
  50  5:04  Gateway  
  45  5:24  Stalker  
  30  5:37  Stalker  
  14  5:58  Stalker  
  16  6:06  Sentry  
Show
View Real Time Build Order
Export as new Build Order

SKillous Protoss - Winner!

Build Orders:  

Get SALT Encoding   

  12  0:00  Probe  
  13  0:12  Probe  
  14  0:17  Pylon  
  14  0:24  Probe  
  15  0:35  Gateway  
  15  0:37  Probe (Chrono Boost)  
  16  0:46  Probe (Chrono Boost)  
  16  0:47  Assimilator  
  17  0:51  Probe (Chrono Boost)  
  17  0:55  Assimilator  
  18  1:03  Probe (Chrono Boost)  
  19  1:09  Gateway  
  19  1:13  Probe (Chrono Boost)  
  19  1:18  Probe (Chrono Boost)  
  20  1:24  Cybernetics Core  
  21  1:30  Probe  
  22  1:35  Pylon  
  22  1:42  Probe  
  23  2:00  Robotics Facility  
  23  2:02  Stalker  
  23  2:05  Warp Gate  
  25  2:13  Stalker  
  27  2:17  Pylon  
  27  2:32  Stalker  
  29  2:43  Stalker  
  30  2:47  Immortal (Chrono Boost)  
  34  2:56  Pylon  
  34  3:10  Shield Battery  
  34  3:20  Warp Prism (Chrono Boost)  
  38  3:31  Gateway  
  36  3:53  Immortal  
  40  4:01  Sentry, Stalker  
  44  4:08  Pylon  
  44  4:24  Adept  
  44  4:27  Adept  
  48  4:31  Pylon  
  48  4:41  Immortal (Chrono Boost)  
  52  4:58  Twilight Council  
  52  5:09  Adept x2  
  52  5:14  Probe  
  40  5:31  Adept x2  
  20  6:43  Probe  
  21  7:10  Probe  
  22  7:43  Probe (Chrono Boost)  
  23  7:59  Probe (Chrono Boost)  
  24  8:15  Probe  
  25  8:29  Probe (Chrono Boost)  
  26  8:41  Probe (Chrono Boost)  
  27  8:47  Probe (Chrono Boost)  
  28  8:57  Probe  
  29  9:13  Probe  
Tags
 
Add a new tag
Caveats
  • Supply blocks, unpowered buildings, or Contaminate may cause inaccurate times.
  • Supply counts are checked every 10 seconds.